Map: Darkness Sanctuary LE

Players

Marzbar

  • Race: Zerg Zerg
  • League: Diamond
  • Spawn Location: 7:00

Amped - Winner!

  • Race: Protoss Protoss
  • Spawn Location: 5:00

VOD

Have the link to the VOD?

Description

Time

  • Played on: June 16, 2018, 9:27 p.m.
  • Length: 18:00
Show
View Real Time Build Order
Export as new Build Order

Marzbar Zerg 

Build Orders: Pool First, Swarm Host 

Get SALT Encoding   

  12  0:01  Drone  
  13  0:13  Overlord  
  13  0:16  Drone  
  14  0:32  Drone x2  
  16  0:41  Drone  
  17  0:58  Extractor  
  17  0:59  Drone x2  
  17  1:01  Spawning Pool  
  17  1:03  Extractor  
  16  1:14  Drone  
  19  1:18  Drone  
  19  1:29  Hatchery  
  18  1:35  Drone  
  18  1:39  Overlord  
  19  1:49  Queen  
  19  1:53  Zergling x2  
  22  2:00  Drone  
  23  2:11  Metabolic Boost  
  23  2:14  Zergling x2  
  24  2:22  Drone  
  25  2:26  Queen  
  27  2:32  Overlord  
  27  2:41  Queen  
  27  2:43  Drone x2  
  31  2:52  Drone  
  31  2:57  Drone x2  
  34  3:11  Overlord  
  33  3:13  Drone  
  33  3:16  Drone  
  35  3:21  Hatchery  
  35  3:24  Drone  
  35  3:29  Drone x2  
  35  3:30  Overlord  
  36  3:36  Drone x4  
  36  3:41  Overlord  
  40  3:45  Drone  
  40  3:47  Zergling x2  
  42  3:58  Drone  
  42  3:59  Drone x3  
  46  4:08  Queen  
  48  4:15  Overlord  
  48  4:16  Overlord  
  48  4:21  Drone x2  
  48  4:22  Roach Warren, Drone x2  
  51  4:30  Lair  
  52  4:31  Drone x3  
  54  4:40  Overlord x2  
  54  4:42  Extractor  
  53  4:46  Drone x3  
  56  4:55  Spore Crawler  
  56  4:57  Spore Crawler  
  54  5:01  Drone x4  
  54  5:02  Spore Crawler  
  57  5:09  Roach x2  
  57  5:10  Roach x2, Evolution Chamber  
  57  5:13  Zergling x2  
  64  5:16  Drone x5  
  69  5:39  Hydralisk Den  
  69  5:42  Drone  
  69  5:43  Drone x2  
  69  5:44  Extractor  
  70  5:55  Extractor, Drone  
  70  5:56  Extractor, Drone x8  
  77  6:00  Overseer x3  
  77  6:02  Hatchery  
  77  6:03  Roach  
  77  6:04  Roach  
  80  6:20  Extractor, Drone x2  
  80  6:21  Drone x2  
  80  6:22  Drone x3  
  86  6:29  Hydralisk x4  
  94  6:40  Spore Crawler  
  94  6:46  Hydralisk x4  
  95  6:49  Zergling x8  
  95  6:52  Overlord x3  
  95  6:53  Hatchery  
  104  6:55  Zerg Missile Weapons Level 1  
  104  7:00  Evolution Chamber, Queen  
  105  7:06  Hatchery  
  104  7:12  Hydralisk x5  
  114  7:18  Hydralisk  
  114  7:19  Hydralisk x2  
  118  7:31  Zergling x2  
  118  7:32  Zergling x16  
  127  7:39  Zerg Melee Weapons Level 1  
  127  7:44  Grooved Spines  
  127  7:45  Hydralisk x2  
  127  7:48  Drone x4  
  127  7:49  Overlord x3  
  135  8:10  Hydralisk x8  
  135  8:12  Overlord x2  
  142  8:31  Roach x5  
  152  8:39  Spire  
  151  8:48  Infestation Pit  
  151  8:49  Drone  
  151  8:50  Overlord, Drone x8  
  151  8:51  Overlord  
  151  8:52  Hydralisk x6  
  151  8:55  Muscular Augments  
  172  9:14  Spore Crawler  
  171  9:17  Spore Crawler  
  171  9:18  Spine Crawler  
  171  9:19  Spine Crawler, Queen  
  171  9:20  Spine Crawler  
  171  9:21  Queen  
  171  9:22  Drone  
  171  9:23  Drone x11  
  183  9:26  Swarm Host  
  183  9:27  Swarm Host  
  183  9:30  Swarm Host  
  192  9:32  Swarm Host  
  192  9:34  Swarm Host  
  180  10:01  Swarm Host  
  180  10:02  Swarm Host x7  
  193  10:29  Extractor  
  193  10:30  Extractor  
  193  10:32  Drone  
  193  10:33  Drone x7  
  193  10:34  Overlord x4  
  195  10:42  Spine Crawler  
  162  10:57  Hydralisk  
  162  10:58  Hydralisk x16  
  162  10:59  Hydralisk x7  
  188  11:11  Overlord  
  188  11:19  Hydralisk x5  
  188  11:23  Zergling x2  
  193  11:55  Hydralisk  
  193  11:56  Hydralisk x2  
  197  12:04  Zergling x2  
  197  12:05  Zergling x6  
  197  12:06  Hydralisk x6  
  198  12:10  Zerg Ground Armor Level 1  
  198  12:11  Zerg Missile Weapons Level 2  
  198  12:16  Spire, Hive  
  198  12:20  Hydralisk  
  165  12:31  Hydralisk  
  165  12:32  Hydralisk x9  
  165  12:33  Zergling x10  
  165  12:34  Zergling x10  
  190  12:47  Hydralisk x2  
  190  12:48  Hydralisk x4  
  190  12:49  Spore Crawler  
  190  12:50  Zergling x2, Spore Crawler x2  
  200  12:51  Zergling x4  
  200  12:52  Spore Crawler x2  
  200  12:53  Spore Crawler x2  
  200  12:55  Spore Crawler  
  178  13:08  Hydralisk x9  
  162  13:21  Baneling Nest  
  158  13:30  Corruptor  
  158  13:31  Corruptor x3  
  158  13:33  Zergling x2  
  150  13:34  Zergling x22  
  150  13:38  Overseer  
  150  13:39  Overseer  
  150  13:40  Overseer  
  150  13:41  Overseer  
  156  13:42  Zergling x2  
  156  13:43  Zergling x4  
  157  13:53  Hydralisk  
  157  13:54  Hydralisk x3  
  165  13:56  Zergling x2  
  165  13:57  Zergling x16  
  165  14:08  Baneling  
  165  14:09  Baneling x7  
  144  14:28  Hydralisk  
  144  14:29  Hydralisk x3  
  143  14:42  Drone x6  
  143  14:44  Extractor  
  143  14:45  Extractor  
  147  14:51  Hatchery  
  147  14:52  Hydralisk  
  146  14:53  Hydralisk x4  
  146  14:57  Hatchery  
  155  15:06  Hydralisk x3  
  160  15:20  Baneling  
  160  15:21  Baneling x5  
  114  15:44  Hydralisk x5  
  120  16:13  Corruptor  
  120  16:14  Corruptor x3  
  128  16:18  Drone  
  128  16:19  Drone x9  
  138  16:47  Corruptor  
  138  16:48  Corruptor x2  
  142  17:07  Hydralisk  
  141  17:09  Spore Crawler  
  141  17:12  Spore Crawler x2  
  141  17:13  Spore Crawler  
  137  17:16  Spore Crawler  
  136  17:27  Hydralisk x6  
  136  17:28  Extractor  
Show
View Real Time Build Order
Export as new Build Order

Amped Protoss - Winner!

Build Orders:  

Get SALT Encoding   

  12  0:03  Probe  
  13  0:15  Probe  
  14  0:23  Pylon  
  14  0:27  Probe  
  15  0:37  Probe  
  16  0:45  Probe  
  17  0:54  Pylon  
  17  0:55  Probe  
  18  1:07  Probe  
  19  1:11  Pylon  
  19  1:20  Probe  
  19  1:21  Nexus  
  20  1:32  Probe  
  21  1:34  Gateway  
  21  1:37  Pylon  
  21  1:44  Probe  
  21  1:47  Assimilator  
  22  1:54  Assimilator  
  22  1:56  Probe  
  24  2:08  Probe  
  24  2:14  Zealot  
  24  2:20  Probe  
  27  2:24  Cybernetics Core  
  27  2:26  Gateway  
  27  2:32  Probe  
  27  2:33  Probe  
  29  2:44  Probe  
  29  2:45  Probe  
  31  2:55  Adept  
  31  2:57  Probe x2  
  33  3:03  Stargate  
  35  3:07  Shield Battery  
  35  3:27  Probe x2  
  37  3:39  Probe x2  
  39  3:42  Warp Gate, Assimilator  
  39  3:43  Pylon  
  39  3:47  Void Ray  
  39  3:51  Probe x2  
  45  4:03  Probe  
  45  4:04  Probe  
  45  4:09  Assimilator  
  47  4:12  Gateway  
  47  4:13  Gateway  
  47  4:15  Probe  
  47  4:16  Probe  
  49  4:18  Pylon  
  49  4:20  Twilight Council  
  49  4:21  Forge  
  49  4:24  Probe  
  49  4:28  Probe  
  51  4:32  Probe  
  51  4:34  Pylon  
  51  4:36  Protoss Ground Weapons Level 1  
  51  4:38  Phoenix  
  54  4:40  Probe  
  54  4:42  Probe  
  56  4:48  Resonating Glaives  
  56  4:52  Probe  
  57  4:54  Pylon, Probe  
  58  5:04  Pylon x2, Probe  
  59  5:27  Probe x2  
  61  5:29  Nexus  
  61  5:31  Pylon  
  61  5:37  Gateway  
  61  5:38  Gateway  
  61  5:40  Gateway  
  61  5:44  Templar Archives  
  61  5:51  Probe x2  
  61  5:53  Photon Cannon  
  61  5:55  Shield Battery  
  61  5:59  Pylon, Adept  
  61  6:00  Adept  
  61  6:03  Probe  
  66  6:05  Probe, Forge  
  66  6:09  Adept  
  69  6:17  Psionic Storm, Probe x2, Shield Battery  
  71  6:21  Robotics Facility  
  71  6:33  High Templar  
  71  6:34  High Templar x2  
  71  6:36  Probe  
  78  6:42  Probe  
  78  6:44  Probe  
  80  6:47  High Templar  
  80  6:49  Probe  
  80  6:54  Probe, Protoss Ground Weapons Level 2  
  83  6:56  Probe  
  83  7:00  Pylon  
  85  7:02  High Templar  
  85  7:04  Probe, Assimilator  
  85  7:06  Probe  
  89  7:08  Probe  
  89  7:09  Photon Cannon, Assimilator  
  89  7:11  Protoss Ground Armor Level 1  
  90  7:16  Probe  
  90  7:17  Photon Cannon  
  90  7:18  Probe  
  90  7:19  Observer  
  90  7:20  Probe  
  94  7:24  Gateway  
  94  7:28  Probe  
  94  7:29  Gateway  
  95  7:30  Probe  
  95  7:31  Photon Cannon  
  95  7:32  Probe  
  95  7:35  Adept x2  
  95  7:36  Shield Battery  
  101  7:40  Probe  
  101  7:43  Photon Cannon  
  102  7:48  Pylon  
  102  7:49  Pylon  
  102  7:52  Fleet Beacon  
  102  7:59  Photon Cannon  
  102  8:00  Pylon  
  102  8:04  Observer  
  103  8:06  Pylon  
  103  8:12  Nexus  
  103  8:17  Adept  
  103  8:18  Adept x3  
  103  8:19  Adept  
  113  8:29  Probe x2  
  113  8:32  Photon Cannon  
  115  8:36  Photon Cannon  
  115  8:37  Photon Cannon  
  115  8:38  High Templar, Photon Cannon  
  115  8:39  High Templar  
  115  8:40  Shield Battery  
  115  8:41  Probe x2  
  121  8:46  Archon  
  121  8:47  Assimilator  
  121  8:52  Carrier, Assimilator  
  127  8:59  High Templar x2  
  127  9:00  Probe  
  127  9:02  Pylon, Probe, Protoss Air Weapons Level 1  
  133  9:03  Pylon  
  133  9:06  Probe  
  133  9:07  Pylon  
  133  9:09  Protoss Ground Armor Level 2  
  134  9:13  Probe  
  134  9:16  Probe  
  136  9:18  Probe  
  137  9:25  Probe  
  137  9:28  Probe  
  137  9:29  Stargate  
  137  9:30  Probe x2  
  141  9:34  Stargate  
  141  9:35  Photon Cannon  
  141  9:37  Probe  
  142  9:38  Dark Shrine  
  142  9:40  Graviton Catapult  
  142  9:47  Probe x2  
  144  9:54  Photon Cannon  
  144  9:57  Photon Cannon  
  136  10:02  Gateway  
  136  10:09  Zealot x2, Photon Cannon  
  136  10:10  Stalker  
  136  10:11  Stalker x2, Photon Cannon  
  136  10:13  Immortal  
  150  10:23  High Templar x2  
  150  10:25  Charge  
  150  10:27  Carrier  
  158  10:45  Zealot x3  
  158  10:46  Zealot, Tempest  
  162  10:59  Observer  
  162  11:02  Tempest  
  169  11:07  Zealot x3  
  169  11:08  Zealot  
  177  11:20  Zealot x2  
  177  11:21  Observer  
  177  11:23  Dark Templar x2  
  177  11:24  Dark Templar  
  188  11:42  Immortal  
  188  11:45  Robotics Bay  
  186  11:56  Adept x2  
  186  11:58  Carrier  
  186  11:59  Nexus  
  192  12:07  Dark Templar x2, Zealot x2  
  193  12:21  Zealot x2  
  193  12:22  Zealot  
  199  12:23  Robotics Facility  
  199  12:24  Protoss Ground Armor Level 3  
  197  12:47  Stargate, Pylon  
  197  12:50  Pylon  
  196  12:54  Protoss Air Weapons Level 2  
  194  13:12  Carrier, Tempest  
  184  13:16  Zealot  
  184  13:17  Zealot x4  
  200  13:29  Protoss Ground Weapons Level 3  
  198  13:38  Probe x2  
  200  13:56  Cybernetics Core  
  200  14:00  Photon Cannon  
  199  14:02  Photon Cannon  
  199  14:03  Photon Cannon x2  
  199  14:05  Shield Battery  
  199  14:15  Tempest  
  199  14:20  Extended Thermal Lance  
  199  14:27  Colossus  
  197  14:42  High Templar  
  197  14:43  High Templar x3  
  197  14:44  Pylon  
  199  14:46  Photon Cannon  
  199  14:47  Protoss Air Armor Level 1  
  199  14:51  Photon Cannon  
  199  14:52  Photon Cannon  
  199  14:54  Assimilator  
  199  14:58  Assimilator, Photon Cannon  
  199  15:00  Observer  
  199  15:01  Photon Cannon, Protoss Shields Level 1  
  199  15:07  Photon Cannon  
  200  15:08  Pylon  
  200  15:09  Nexus  
  200  15:10  Pylon  
  199  15:15  Protoss Air Weapons Level 3  
  199  15:16  Stargate  
  199  15:18  Stargate  
  199  15:22  Observer  
  178  15:42  Archon  
  147  15:43  Tempest  
  147  15:44  Tempest x2  
  155  15:53  Void Ray  
  155  15:56  Colossus x2  
  171  16:03  Zealot x2  
  175  16:05  Carrier  
  181  16:14  Stargate  
  181  16:18  Photon Cannon  
  181  16:19  Photon Cannon  
  181  16:21  Tempest  
  187  16:32  Observer Gravitic Boosters  
  187  16:34  Photon Cannon  
  187  16:36  Photon Cannon x2  
  187  16:41  Photon Cannon  
  187  16:43  Stargate  
  193  16:53  Tempest  
  199  16:56  Pylon  
  199  16:58  Pylon  
  199  17:00  Pylon  
  196  17:27  Photon Cannon  
  196  17:30  Pylon  
  196  17:31  Pylon  
  196  17:35  Pylon, Photon Cannon  
  196  17:37  Photon Cannon  
  196  17:39  Photon Cannon  
  196  17:40  Photon Cannon  
  196  17:42  Pylon, Photon Cannon  
  196  17:43  Photon Cannon  
  190  17:49  Pylon  
  196  17:52  Pylon  
Tags
 
Composition
Swarm Host
League
Diamond
Matchup
PvZ
Opening
Pool First
Replay Pack
June Replays
Spawn Locations
Close Positions
Add a new tag
Caveats
  • Supply blocks, unpowered buildings, or Contaminate may cause inaccurate times.
  • Supply counts are checked every 10 seconds.